Map: 2000 Atmospheres LE

Players

TerraN - Winner!

  • Race: Terran Terran

Erik

  • Race: Zerg Zerg

Event: DreamHack SC2 Masters 2021 Fall

VOD

Have the link to the VOD?

Description

Time

  • Played on: July 28, 2021, 6:43 p.m.
  • Length: 15:57

All games in this series

Show
View Real Time Build Order
Export as new Build Order

TerraN Terran - Winner!

Build Orders: Reaper Expand 

Get SALT Encoding   

  12  0:01  SCV  
  13  0:13  SCV  
  14  0:17  Supply Depot  
  14  0:25  SCV  
  15  0:38  SCV  
  15  0:39  Barracks  
  16  0:44  Refinery  
  16  0:51  SCV  
  17  1:03  SCV  
  18  1:15  SCV  
  19  1:27  Orbital Command  
  19  1:28  Reaper  
  20  1:39  Command Center  
  20  1:46  Supply Depot  
  20  1:53  SCV  
  21  2:00  Marine  
  22  2:05  SCV  
  23  2:10  Factory  
  23  2:17  SCV  
  24  2:24  Barracks Reactor  
  24  2:29  SCV  
  25  2:41  SCV  
  26  2:51  Orbital Command, Command Center  
  26  2:53  SCV  
  27  2:59  Barracks  
  27  3:15  SCV  
  27  3:17  SCV  
  27  3:19  Barracks Tech Lab  
  29  3:29  SCV  
  29  3:31  Bunker  
  29  3:32  Factory Tech Lab  
  29  3:33  Marine x2  
  32  3:35  SCV  
  32  3:36  Refinery  
  33  3:42  SCV  
  33  3:48  Barracks Tech Lab  
  33  3:51  Marine x2, Siege Tank  
  38  3:59  SCV  
  39  4:04  Orbital Command  
  39  4:07  Orbital Command  
  39  4:09  Marine, Reaper  
  41  4:11  SCV  
  41  4:15  Marine, Stimpack  
  43  4:19  Engineering Bay  
  43  4:24  SCV  
  44  4:26  Marine  
  44  4:31  SCV  
  46  4:33  Marine  
  46  4:36  SCV  
  48  4:38  Siege Tank  
  48  4:41  Orbital Command  
  48  4:43  SCV  
  48  4:45  Marine x2  
  53  4:48  SCV  
  55  4:55  Marine, SCV, Starport  
  57  5:00  SCV  
  57  5:03  Marine  
  57  5:05  Bunker, Supply Depot x2  
  59  5:07  SCV  
  59  5:12  SCV  
  58  5:19  Marine  
  55  5:24  Missile Turret  
  55  5:27  Marine x2  
  57  5:29  SCV x2  
  57  5:30  Terran Infantry Weapons Level 1  
  57  5:33  SCV  
  60  5:36  Siege Tank  
  60  5:40  Marine  
  64  5:43  SCV x2  
  64  5:46  Starport Reactor  
  64  5:47  Refinery  
  64  5:48  Refinery  
  66  5:52  Supply Depot  
  66  5:54  Orbital Command, Barracks  
  66  5:56  SCV x2  
  68  5:58  Marine  
  68  6:03  Marine x2, Supply Depot  
  71  6:06  Combat Shield  
  71  6:08  SCV  
  72  6:11  SCV  
  72  6:13  Supply Depot  
  72  6:15  Supply Depot  
  73  6:20  SCV x2  
  73  6:23  SCV  
  76  6:29  Missile Turret  
  76  6:32  SCV x2  
  78  6:34  Medivac x2  
  78  6:35  SCV, Barracks  
  78  6:36  Barracks  
  83  6:40  Barracks  
  83  6:43  Supply Depot  
  83  6:44  Supply Depot, SCV  
  83  6:46  Barracks Reactor  
  84  6:49  SCV  
  84  6:50  SCV  
  84  6:51  Supply Depot  
  84  6:52  Marine  
  84  6:53  Marine  
  88  6:56  Bunker  
  88  6:57  SCV  
  88  6:59  Marine  
  90  7:01  SCV  
  90  7:06  Supply Depot  
  91  7:10  Marine x2  
  91  7:14  Supply Depot, Siege Tank  
  91  7:15  SCV x2  
  98  7:18  Marine  
  99  7:23  Barracks Tech Lab x2  
  99  7:27  Barracks Reactor, Medivac x2  
  99  7:28  Marine  
  104  7:30  Supply Depot  
  104  7:33  Refinery  
  104  7:34  Refinery  
  104  7:39  Command Center  
  104  7:40  Marine  
  104  7:41  Marine  
  106  7:47  Supply Depot, Siege Tank  
  106  7:50  Marine x3  
  112  7:55  Marine x2  
  112  7:58  Marine x2  
  114  8:03  Marine  
  113  8:08  Marine x2  
  113  8:09  Concussive Shells  
  114  8:13  Terran Infantry Armor Level 1  
  114  8:14  Marine  
  114  8:15  Marine x2, Armory, Engineering Bay, Factory  
  117  8:22  Medivac x2  
  121  8:28  Marine x2  
  121  8:30  Marine x2, Supply Depot  
  121  8:32  Marine x2  
  127  8:34  Widow Mine  
  127  8:36  Marine  
  127  8:40  Marine x2  
  132  8:41  Sensor Tower  
  132  8:46  Marine  
  132  8:47  Marine  
  134  8:49  Marine x2  
  134  8:51  SCV x2  
  134  8:54  Marine x2  
  134  8:55  Marine  
  141  8:58  Marine x2  
  141  9:00  Factory Reactor  
  143  9:03  Marine, Supply Depot  
  143  9:04  Siege Tank  
  147  9:13  Marine  
  147  9:14  Marine x2  
  147  9:16  Marine  
  151  9:22  Marine  
  151  9:24  Marine, Terran Infantry Weapons Level 2  
  152  9:29  Marine  
  152  9:30  Marine x2  
  154  9:31  SCV x2  
  154  9:35  Marine x2  
  154  9:36  Marine x2  
  160  9:39  Medivac x2  
  160  9:40  Planetary Fortress  
  160  9:44  Marine x2  
  166  9:46  SCV x2  
  166  9:51  Widow Mine  
  166  9:52  Widow Mine x2, Drilling Claws  
  174  9:53  Marine x2  
  174  9:59  Marine x2  
  177  10:00  Marine x2  
  177  10:07  Marine  
  181  10:15  Medivac x2  
  181  10:18  Marine, Marauder  
  188  10:27  Marine  
  188  10:28  Marauder  
  164  10:30  Marine  
  164  10:31  Marine, Marauder  
  164  10:37  Marine  
  164  10:40  Marauder  
  160  10:46  Marine x2, Widow Mine x2  
  160  10:48  Medivac x2  
  160  10:49  Marauder  
  171  10:50  Marine  
  171  10:52  Marauder  
  171  10:55  Marine  
  160  10:57  Marine x2  
  160  10:58  Terran Vehicle Weapons Level 1  
  160  10:59  Terran Infantry Armor Level 2  
  160  11:01  Marauder  
  163  11:04  Marine x2  
  163  11:07  Widow Mine  
  163  11:08  Marine, Widow Mine  
  163  11:10  SCV, Marauder  
  163  11:11  SCV  
  167  11:13  Marine x2  
  167  11:15  Marine x2  
  167  11:22  Marine x3  
  167  11:24  Widow Mine  
  172  11:26  Marine  
  172  11:29  Widow Mine, Siege Tank  
  172  11:31  Marine x3  
  181  11:33  Marine x2  
  181  11:36  Command Center  
  181  11:39  Marine  
  183  11:40  Marine, Marauder  
  183  11:43  Marine  
  183  11:45  Widow Mine  
  190  11:48  Marine  
  190  11:49  Marine x2  
  190  11:50  Widow Mine  
  190  11:51  Marine  
  190  11:52  Supply Depot  
  190  11:53  Sensor Tower  
  196  11:55  Terran Infantry Weapons Level 3  
  196  12:07  Command Center  
  196  12:13  Marine x4  
  200  12:19  Marine  
  200  12:20  Marauder  
  192  12:28  Marine, Marauder  
  190  12:33  Marine, Marauder  
  184  12:38  Widow Mine x2  
  184  12:41  Marine x3  
  184  12:42  Marine, Marauder  
  191  12:46  Marine, Medivac x2  
  191  12:50  Marine, Orbital Command, Marauder  
  199  12:52  Command Center  
  199  12:56  Marine  
  200  13:01  Command Center  
  199  13:06  Marine  
  200  13:16  Marine x2, Marauder  
  197  13:24  Marine, Marauder  
  197  13:25  Marine x2, Marauder  
  190  13:32  Marine  
  190  13:34  Marine, Widow Mine x2  
  191  13:38  Marauder  
  193  13:44  Marine  
  193  13:45  Marine  
  193  13:46  Medivac x2, Marauder  
  193  13:47  Marauder  
  181  13:51  Ghost Academy  
  181  13:52  Refinery, Marine  
  181  13:53  Refinery  
  181  13:54  Widow Mine  
  181  13:55  Widow Mine  
  184  13:59  Marauder  
  186  14:04  Widow Mine  
  186  14:07  Marine, Marauder  
  186  14:08  Marauder  
  193  14:11  Command Center  
  193  14:12  Marine x2  
  193  14:15  Widow Mine  
  197  14:20  Marauder  
  196  14:24  Marine x2, Widow Mine  
  180  14:52  Marine x2  
  177  14:53  Marine, Marauder  
  177  14:54  Marine, Marauder  
  180  15:02  Marine x2  
  180  15:03  Marauder  
  180  15:04  Widow Mine  
  180  15:05  Widow Mine  
  180  15:06  Orbital Command  
  184  15:10  Marine x2  
  184  15:13  Ghost  
  186  15:17  Marine x2, Marauder  
  186  15:19  Medivac x2  
  186  15:20  Marine x2  
  178  15:24  Marauder  
  178  15:28  Marine x2  
  168  15:34  Marine  
  168  15:35  Marine  
  168  15:38  Marine x2  
  172  15:44  Sensor Tower  
Show
View Real Time Build Order
Export as new Build Order

Erik Zerg 

Build Orders: Hatch First, Lurkers 

Get SALT Encoding   

  12  0:00  Drone  
  13  0:12  Overlord  
  13  0:17  Drone  
  14  0:30  Drone x2  
  16  0:47  Hatchery  
  15  0:51  Drone  
  15  0:54  Drone  
  17  0:57  Drone  
  18  1:07  Extractor  
  17  1:13  Spawning Pool  
  17  1:16  Drone  
  17  1:19  Drone  
  18  1:28  Drone  
  19  1:39  Drone  
  20  1:52  Drone  
  21  2:00  Queen x2  
  21  2:01  Zergling x4  
  27  2:11  Roach Warren, Drone  
  27  2:13  Drone  
  28  2:22  Overlord  
  28  2:28  Overlord  
  28  2:36  Burrow  
  27  2:51  Roach x2  
  27  2:54  Roach  
  27  2:55  Roach  
  27  2:57  Roach  
  37  3:00  Overlord  
  37  3:08  Roach  
  39  3:18  Drone x8  
  47  3:28  Overlord  
  47  3:29  Drone  
  48  3:36  Queen  
  48  3:38  Drone  
  51  3:42  Metabolic Boost  
  51  3:51  Overlord  
  51  3:52  Drone x4  
  55  3:59  Drone  
  55  4:00  Zergling x2  
  57  4:13  Zergling x6  
  57  4:15  Hatchery  
  57  4:16  Drone  
  60  4:17  Roach  
  60  4:19  Queen  
  60  4:23  Extractor  
  61  4:24  Extractor  
  61  4:25  Extractor, Overlord  
  61  4:26  Drone  
  60  4:32  Drone  
  59  4:41  Drone  
  59  4:42  Drone  
  61  4:47  Ravager  
  61  4:48  Ravager  
  61  4:49  Drone  
  61  4:50  Drone x2  
  61  4:51  Drone  
  67  4:53  Drone x2  
  67  4:57  Drone x2  
  67  4:59  Ravager  
  72  5:04  Overlord  
  65  5:27  Evolution Chamber, Roach x2  
  65  5:28  Baneling Nest, Evolution Chamber, Drone  
  65  5:29  Lair, Drone  
  65  5:30  Queen  
  65  5:31  Drone x7  
  75  5:41  Drone x3  
  78  5:51  Spore Crawler  
  78  5:54  Ravager x2  
  78  5:55  Zerg Ground Armor Level 1  
  78  5:56  Zerg Melee Weapons Level 1, Overlord x2  
  79  6:00  Zergling x4  
  81  6:04  Zergling x4  
  81  6:05  Zergling x4  
  85  6:18  Zergling x14  
  92  6:29  Centrifical Hooks  
  92  6:32  Zergling x12  
  98  6:33  Baneling x7  
  98  6:34  Baneling  
  97  6:44  Overlord x2  
  97  6:51  Overlord  
  97  6:52  Hatchery  
  96  6:59  Drone  
  97  7:01  Overlord  
  97  7:04  Drone  
  97  7:05  Drone  
  97  7:06  Baneling x2  
  99  7:12  Drone x2  
  99  7:13  Drone  
  99  7:14  Spore Crawler, Drone x2  
  103  7:19  Zergling x16  
  111  7:29  Zergling x2  
  114  7:30  Zergling x4  
  114  7:37  Zergling x2  
  114  7:38  Zergling x10, Hatchery  
  119  7:51  Zerg Melee Weapons Level 2, Zerg Ground Armor Level 2  
  119  7:52  Drone  
  112  8:00  Drone x7  
  112  8:03  Queen  
  114  8:06  Drone x2  
  115  8:14  Infestation Pit  
  115  8:16  Spore Crawler  
  113  8:22  Drone x10  
  113  8:26  Drone x2  
  124  8:27  Drone x2  
  124  8:32  Drone x2  
  127  8:35  Queen  
  129  8:45  Overlord x2  
  129  8:53  Hive  
  129  8:55  Zergling x20  
  139  8:58  Baneling x8  
  139  9:07  Zergling x16  
  139  9:08  Zergling x6  
  148  9:27  Extractor, Drone x4  
  148  9:28  Extractor, Drone  
  150  9:35  Overlord  
  148  9:39  Overlord  
  148  9:40  Hatchery  
  147  9:50  Hydralisk Den  
  146  9:53  Baneling x2  
  146  10:00  Extractor  
  146  10:02  Extractor  
  143  10:10  Overlord  
  143  10:11  Adrenal Glands  
  143  10:12  Ultralisk Cavern  
  142  10:16  Drone  
  142  10:17  Drone x17  
  160  10:28  Zergling x30  
  152  10:38  Zergling x10  
  157  10:48  Zergling x2  
  157  10:49  Zergling x12, Overseer x2  
  142  11:01  Baneling x10  
  142  11:04  Muscular Augments  
  142  11:08  Lurker Den  
  142  11:09  Pneumatized Carapace  
  142  11:10  Zerg Missile Weapons Level 1, Zerg Melee Weapons Level 3  
  129  11:25  Zergling x2  
  129  11:26  Zergling x28, Hatchery  
  129  11:28  Baneling x13  
  142  11:33  Queen  
  142  11:35  Queen  
  146  11:42  Hydralisk x8  
  160  11:54  Hydralisk x5  
  160  11:59  Hatchery  
  169  12:07  Seismic Spines  
  169  12:10  Baneling x2  
  169  12:11  Baneling x6  
  169  12:14  Lurker x6  
  169  12:15  Grooved Spines  
  137  12:49  Hydralisk  
  137  12:50  Hydralisk x5  
  149  12:51  Overlord  
  149  12:53  Zergling x20  
  149  12:54  Zergling x20  
  149  12:57  Baneling x2  
  165  13:06  Hydralisk  
  165  13:07  Hydralisk x6  
  163  13:25  Zergling x2  
  163  13:26  Zergling x24  
  159  13:33  Zergling x4  
  157  13:39  Baneling x9  
  138  13:41  Zergling x12  
  138  13:47  Queen  
  138  13:48  Drone x4  
  133  13:50  Lurker  
  133  13:51  Lurker x3  
  137  13:57  Lurker x2  
  137  13:58  Lurker x2  
  141  14:07  Adaptive Talons  
  141  14:13  Viper  
  141  14:14  Viper x2  
  141  14:17  Overseer x2  
  148  14:25  Zergling x4  
  148  14:26  Zergling x8  
  154  14:34  Drone x5  
  154  14:38  Zergling x6  
  142  14:51  Drone x8  
  129  14:59  Zergling x2  
  122  15:00  Zergling x8  
  122  15:01  Zergling x2  
  86  15:24  Drone x8  

Tags
 
Add a new tag
Caveats
  • Supply blocks, unpowered buildings, or Contaminate may cause inaccurate times.
  • Supply counts are checked every 10 seconds.